 Dungeon Crawl Stone Soup version 0.27-a0-1299-g1ab19c6527 (webtiles) character file.

Game seed: 1567166068438545072

432 bilbop the Skirmisher (level 7, -1/61 HPs)
             Began as a Hill Orc Fighter on June 16, 2021.
             Slain by a lemure (8 damage)
             ... led by Pikel
             ... on level 4 of the Dungeon.
             The game lasted 00:14:01 (4201 turns).

bilbop the Skirmisher (Hill Orc Fighter)            Turns: 4201, Time: 00:14:02

Health: -1/61      AC:  8    Str: 20    XL:     7   Next: 0%
Magic:  7/7        EV:  7    Int:  8    God:
Gold:   227        SH: 10    Dex: 11    Spells: 6/6 levels left

rFire    . . .     SeeInvis .   a - +0 war axe
rCold    . . .     Faith    .   c - +0 kite shield
rNeg     . . .     Spirit   .   b - +0 scale mail
rPois    .         Reflect  .   (no helmet)
rElec    .         Harm     .   (no cloak)
rCorr    .         Rampage  .   (no gloves)
Will     .....                  q - +0 pair of boots
Stlth    ..........             (no amulet)
HPRegen  0.20/turn              (no ring)
MPRegen  0.10/turn              (no ring)

@: no status effects
A: no striking features
a: no special abilities


You were on level 4 of the Dungeon.
You visited 1 branch of the dungeon, and saw 6 of its levels.

You collected 227 gold pieces.

Inventory:

Hand Weapons
 a - a +0 war axe (weapon)
Missiles
 o - 28 sling bullets
 r - 76 bolts
Armour
 b - a +0 scale mail (worn)
 c - a +0 kite shield (worn)
 q - a +0 pair of boots (worn)
Scrolls
 e - 2 scrolls of fog {unknown}
 f - a scroll of teleportation {unknown}
 i - a scroll of fear {unknown}
 j - 2 scrolls of magic mapping {unknown}
 k - a scroll of blinking {unknown}
 n - a scroll of torment {unknown}
 s - a scroll of amnesia {unknown}
 t - a scroll of identify {unknown}
Potions
 d - a potion of might
 g - a potion of heal wounds {unknown}
 h - a potion of degeneration {unknown}
 l - a potion of mutation {unknown}
 m - a potion of invisibility {unknown}
 p - a potion of resistance {unknown}
 u - a potion of curing {unknown}


   Skills:
 + Level 5.5 Fighting
 + Level 5.2 Axes
 + Level 5.0 Armour
 + Level 5.0 Shields


You had 6 spell levels left.
You didn't know any spells.
Your spell library contained the following spells:

 Spells                   Type           Power      Damage    Failure   Level
 Magic Dart               Conj           0%         1d3       99%         1
 Searing Ray              Conj           0%         3d3       100%        2
 Confusing Touch          Hex            0%         N/A       100%        3
 Dazzling Flash           Conj/Hex       0%         N/A       100%        3
 Gell's Gravitas          Tloc           0%         N/A       100%        3
 Fulminant Prism          Conj/Hex       0%         3d6       100%        4
 Iskenderun's Mystic Bla  Conj/Tloc      0%         2d3       100%        4
 Petrify                  Tmut/Erth      0%         N/A       100%        4
 Metabolic Englaciation   Hex/Ice        0%         N/A       100%        5
 Yara's Violent Unravell  Hex/Tmut       0%         3d3       100%        5


Dungeon Overview and Level Annotations

Branches:
Dungeon (6/15)
 Temple: D:4-7

Altars:
Xom

Annotations:
D:4 Pikel


Message History

A lemure comes into view.
The lemure shouts!
You hear a shout!
Pikel the Slaver comes into view.
He is wielding a +1 whip of flaming.
You block the lemure's attack.
A lemure comes into view.
The lemure shouts!
The lemure hits you but does no damage.
Pikel hits you with a +1 whip of flaming.
Pikel burns you. The lemure hits you.
You closely miss Pikel. You closely miss the lemure.
You hit the lemure but do no damage. The lemure hits you but does no damage.
Pikel hits you with a +1 whip of flaming.
Pikel burns you. You block the lemure's attack.
The lemure hits you but does no damage.
You slash Pikel!
Pikel is moderately wounded.
You hit the lemure. x2; You hit the lemure but do no damage.
Pikel closely misses you. The lemure hits you but does no damage.
The lemure hits you! The lemure hits you.
You slash Pikel!
Pikel is heavily wounded.
You barely miss the lemure. You closely miss the lemure. x2
Pikel hits you with a +1 whip of flaming.
Pikel burns you. The lemure hits you! You block the lemure's attack.
The lemure hits you but does no damage.
Pikel hits you with a +1 whip of flaming.
* * * LOW HITPOINT WARNING * * *
Pikel burns you.
* * * LOW HITPOINT WARNING * * *
The lemure hits you but does no damage. The lemure hits you.
* * * LOW HITPOINT WARNING * * *
You hit Pikel but do no damage.
Pikel is heavily wounded.
You slash the lemure! You hit the lemure but do no damage.
You hit the lemure. x2
The lemure hits you.
* * * LOW HITPOINT WARNING * * *
The lemure hits you.
* * * LOW HITPOINT WARNING * * *
You block Pikel's attack. The lemure hits you!
You die...

##...##. ##
##...... !.
#......## ..
#####.......##
.. .............
. ..
...........#...
.. #....55K....#
.. #..@5# #. #.
##..#5# .5
.##...#.# .#
.....##.##.###.
#...##..
.....#..........
.......
.....#.#.#.#####
......
.......#.#.#
..... .....#
#...# .... .#.
....###.###


You could see Pikel and 4 lemures.

Vanquished Creatures
  Sigmund (D:3)
  A water moccasin (D:6)
  A centaur zombie (D:5)
  An iguana (D:6)
  An adder (D:3)
  3 worms
  8 orcs
  6 ball pythons
  3 endoplasms
  4 giant cockroaches
  2 goblins
  4 hobgoblins
  10 jackals
  5 quokkas
  7 bats
  4 frilled lizards
  5 kobolds
  4 rats
70 creatures vanquished.

Notes
Turn   | Place    | Note
-------+----------+-------------------------------------------
     0 | D:1      | bilbop the Hill Orc Fighter began the quest for the Orb.
     0 | D:1      | Reached XP level 1. HP: 19/19 MP: 1/1
    46 | D:1      | Found a faded altar of an unknown god.
   382 | D:1      | Reached XP level 2. HP: 8/27 MP: 2/2
  1447 | D:2      | Reached XP level 3. HP: 33/33 MP: 3/3
  2347 | D:3      | You fall into a shaft and drop 3 floors!
  2361 | D:6      | Noticed a water moccasin
  2370 | D:6      | Killed a water moccasin
  2371 | D:6      | Reached XP level 4. HP: 25/41 MP: 4/4
  2371 | D:6      | Reached XP level 5. HP: 29/47 MP: 5/5
  2541 | D:6      | Found a shimmering altar of Xom.
  2741 | D:5      | Entered Level 5 of the Dungeon
  2805 | D:5      | Reached skill level 5 in Fighting
  2805 | D:5      | Reached XP level 6. HP: 23/56 MP: 6/6
  3013 | D:3      | Noticed Sigmund
  3186 | D:3      | Killed Sigmund
  3187 | D:3      | Reached skill level 5 in Axes
  3378 | D:3      | Reached skill level 5 in Armour
  3713 | D:3      | Reached skill level 5 in Shields
  4135 | D:4      | Reached XP level 7. HP: 61/61 MP: 7/7
  4194 | D:4      | Noticed Pikel
  4201 | D:4      | Slain by a lemure

Illustrated notes

Levels and vault maps discovered:
D:1:      saegor_arrival_simple_e, layout_basic,
          hellmonk_ecumenical_altar_blasted, chequers_serial_rivers_micro_c
D:2:      layout_basic
D:3:      kennysheep_six_static_rooms, layout_loops_ring, uniq_sigmund
D:4:      layout_rooms, kennysheep_generic_room_9, uniq_pikel
D:5:      layout_rooms, minmay_overflow_temple_hex, lemuel_crystal_altar,
          hangedman_abyss_or_decor_lesser_grid, minmay_between
D:6:      layout_rooms, xom_teletrap_fun

Skill      XL: |  1  2  3  4  5  6 |
---------------+-------------------+-----
Axes           | 3 4 5 |  5.2
Fighting       | 4 5 |  5.5
Armour         | 4 5 |  5.0
Shields        | 4 5 |  5.0

Action                   |  1- 3 |  4- 6 |  7- 9 || total
-------------------------+-------+-------+-------++-------
Melee: War axe           |   136 |   101 |     4 ||   241
Armor: Scale mail        |    63 |    57 |     6 ||   126
Dodge: Dodged            |    43 |    34 |     1 ||    78
Block: Kite shield       |    78 |    51 |     4 ||   133

Table legend: (Time is in decaauts)
 A = Elapsed time spent in this place.
 B = Non-inter-level travel time spent in this place.
 C = Inter-level travel time spent in this place.
 D = Time resting spent in this place.
 E = Time spent auto-exploring this place.
 F = Levels seen in this place.
 G = Mean time per level.
                   A        B        C        D        E       F      G
               +--------+--------+--------+--------+--------+-----+--------+
         Total |   4327 |   4068 |    259 |    947 |   2455 |   6 |  721.2 |
       Dungeon |   4327 |   4068 |    259 |    947 |   2455 |   6 |  721.2 |
               +--------+--------+--------+--------+--------+-----+--------+

Top non-repeatable levels by time:
     D:1: 1380 daAuts
     D:3: 1100 daAuts
     D:2: 1000 daAuts
     D:6: 404 daAuts
     D:4: 317 daAuts
     D:5: 124 daAuts
